 Dungeon Crawl Stone Soup version 0.21.1-1-g345015f (webtiles) character file.

49 infcreate the Skirmisher (level 3, -3/33 HPs)
             Began as a Minotaur Fighter on May 22, 2018.
             Slain by Sigmund
             ... wielding a +0 scythe
              (13 damage)
             ... on level 2 of the Dungeon.
             The game lasted 00:07:13 (1506 turns).

infcreate the Skirmisher (Minotaur Fighter)         Turns: 1506, Time: 00:07:14

Health: -3/33      AC:  9    Str: 21    XL:     3   Next: 51%
Magic:  2/2        EV:  5    Int:  5    God:
Gold:   30         SH:  9    Dex:  9    Spells: 2/2 levels left

rFire    . . .     SeeInvis .   a - +0 war axe
rCold    . . .     Gourm    .   c - +0 shield
rNeg     . . .     Faith    .   n - +0 chain mail
rPois    .         Spirit   .   (helmet restricted)
rElec    .         Reflect  .   (no cloak)
rCorr    .         Harm     .   (no gloves)
MR       .....                  (no boots)
Stlth    ..........             (no amulet)
HPRegen  0.11/turn              (no ring)
MPRegen  0.08/turn              (no ring)

@: no status effects
A: retaliatory headbutt, horns 2
a: no special abilities


You were on level 2 of the Dungeon.
You were not hungry.

You visited 1 branch of the dungeon, and saw 2 of its levels.

You collected 30 gold pieces.

Inventory:

Hand Weapons
 a - a +0 war axe (weapon)
Armour
 c - a +0 shield (worn)
 n - a +0 chain mail (worn)
Jewellery
 b - an uncursed ring of poison resistance {unknown}
 e - an uncursed ring of positive energy {unknown}
 q - a cursed ring of teleportation {unknown}
Scrolls
 g - a scroll of noise {unknown}
 i - 4 scrolls of identify {unknown}
 j - 2 scrolls of teleportation {unknown}
 k - a scroll of amnesia {unknown}
 l - 2 scrolls of enchant weapon {unknown}
 m - 3 scrolls of remove curse {unknown}
Potions
 d - a potion of might
 h - a potion of heal wounds {unknown}
 o - a potion of lignification {unknown}
Comestibles
 f - 4 rations


   Skills:
 + Level 4.2 Fighting
 + Level 3.0 Axes
 + Level 4.2 Armour
 + Level 4.1 Shields


You had 2 spell levels left.
You didn't know any spells.

Dungeon Overview and Level Annotations

Branches:
Dungeon (2/15)

Altars:
Fedhas

Annotations:
D:2 Sigmund


Innate Abilities, Weirdness & Mutations

You reflexively headbutt those who attack you in melee.
You have a pair of horns on your head.


Message History

You hit something. Something hits you but does no damage.
You hit something. Something hits you.
You closely miss something. Something hits you but does no damage.
You miss something. Your headbutt misses something.
Something completely misses you.
You closely miss something. You block something's attack.
You closely miss something. Your headbutt misses something. Something hits you!
You miss something. Your headbutt misses something. Something hits you.
You closely miss something. Something hits you but does no damage.
You miss something. You headbutt something. You block something's attack.
You closely miss something.
You hear some strange, mumbled words.
You are confused.
You miss something. Something hits you but does no damage.
You bump into the rock wall.
Something hits you.
You closely miss something. Your headbutt misses something.
Something hits you but does no damage.
You feel less confused. Something hits you!
You die...

...##.####.#
##.####.#######
..............####
...####.##/......#
#.####.##.##.##.#
#......##.##.##.#
#..............#
.....#{#...(...#
.....#@#..###..##
.....#.#.........
#.##...##.##
#.##.#.##.#
..##.#.##.# #..
#####......# #..
#########.#### ..
#......##.# #.
#....#.##.# ####.


There were no monsters in sight!

Vanquished Creatures
  An adder (D:2)
  2 dart slugs
  4 giant cockroaches
  9 hobgoblins
  A quokka (D:2)
  2 bats (D:2)
  3 frilled lizards
  4 goblins
  A jackal skeleton (D:2)
  5 kobolds
  2 rats (D:1)
34 creatures vanquished.

Notes
Turn   | Place    | Note
-------+----------+-------------------------------------------
     0 | D:1      | infcreate the Minotaur Fighter began the quest for the Orb.
     0 | D:1      | Reached XP level 1. HP: 19/19 MP: 0/0
   145 | D:1      | Reached XP level 2. HP: 27/27 MP: 1/1
   850 | D:2      | Found a blossoming altar of Fedhas.
   865 | D:2      | Noticed Sigmund
  1176 | D:2      | Reached XP level 3. HP: 32/33 MP: 2/2
  1506 | D:2      | Slain by Sigmund

Skill      XL: |  1  2  3 |
---------------+----------+-----
Fighting       | 4 |  4.2
Armour         | 4 |  4.2
Shields        | 4 |  4.1
Axes           | 3 |  3.0

Action                   || total
-------------------------++-------
Melee: War axe           ||    95
       Headbutt          ||    11
  Eat: Chunk             ||     2
Armor: Scale mail        ||    11
       Chain mail        ||    32
Dodge: Dodged            ||    24
Block: Shield            ||    35
